 Dungeon Crawl Stone Soup version 0.18.1-50-g88ac8fd (webtiles) character file.

812 septik the Shield-Bearer (level 7, -6/43 HPs)
             Began as a Gargoyle Fighter on Apr 24, 2017.
             Killed by nerve-wracking pain
             ... invoked by Grinder
              (12 damage)
             ... on level 5 of the Dungeon.
             The game lasted 00:14:08 (5117 turns).

septik the Shield-Bearer (Gargoyle Fighter)         Turns: 5117, Time: 00:14:09

Health: -6/43      AC: 14    Str: 19    XL:     7   Next: 93%
Magic:  7/7        EV:  9    Int:  9    God:
Gold:   292        SH: 12    Dex: 11    Spells: 0 memorised, 6 levels left

rFire  + . .     SeeInvis .     a - +0 flail
rCold  x . .     Gourm    .     b - +0 scale mail
rNeg   + . .     Faith    .     c - +0 shield
rPois  ∞         Spirit   .     J - +0 helmet
rElec  +         Dismiss  .     (no cloak)
rCorr  .         Reflect  +     D - +0 pair of gloves
SustAt .         Harm     .     (no boots)
MR     .....                    N - +2 amulet of reflection
Stlth  ..........               h - ring of fire
                                T - ring of poison resistance

@: not resistant to hostile enchantments, extremely unstealthy
A: negative energy resistance 1, electricity resistance, unbreathing,
petrification resistance, rot immunity, AC +4
a: no special abilities


You were on level 5 of the Dungeon.
You were hungry.

You visited 2 branches of the dungeon, and saw 7 of its levels.

You collected 292 gold pieces.

Inventory:

Hand Weapons
 a - a +0 flail (weapon)
 y - a +0 war axe of venom
Missiles
 e - 3 needles of confusion
 k - 83 stones (quivered)
Armour
 b - a +0 scale mail (worn)
 c - a +0 shield (worn)
 i - a +0 chain mail
 q - a +0 plate armour
 D - a +0 pair of gloves (worn)
 J - a +0 helmet (worn)
 K - a +0 ring mail
Jewellery
 h - a ring of fire (right hand)
 o - an uncursed ring of magical power
 H - an uncursed ring of teleportation
 N - a +2 amulet of reflection (around neck)
 T - a ring of poison resistance (left hand)
Wands
 A - a wand of slowing (19/48)
 I - a wand of confusion (36/48)
 L - a wand of lightning (7/15)
 R - a wand of flame (8/48)
Scrolls
 g - 4 scrolls of identify
 j - 2 scrolls of enchant weapon {unknown}
 m - 2 scrolls of enchant armour {unknown}
 n - 6 scrolls of teleportation
 p - 2 scrolls of remove curse
 t - a scroll of amnesia {unknown}
 u - 3 scrolls of immolation {unknown}
 w - 3 scrolls of fear {unknown}
 B - 2 scrolls of random uselessness {unknown}
 F - a scroll of blinking {unknown}
 P - a scroll of fog {unknown}
Potions
 d - a potion of might
 r - a potion of ambrosia {unknown}
 v - a potion of mutation {unknown}
 x - 2 potions of curing {unknown}
 z - 2 potions of magic {unknown}
 C - 2 potions of cure mutation {unknown}
 E - 2 potions of agility {unknown}
 G - a potion of degeneration {unknown}
 M - a potion of lignification {unknown}
 O - a potion of brilliance {unknown}
Comestibles
 f - 8 bread rations
 l - 10 fruits
 s - 4 beef jerkies
 Q - a meat ration
 S - 7 chunks of flesh


   Skills:
 + Level 4.2 Fighting
 + Level 3.9 Maces & Flails
 + Level 5.1 Armour
 + Level 3.6 Dodging
 + Level 0.5 Stealth
 + Level 5.7 Shields


You had 6 spell levels left.
You didn't know any spells.

Dungeon Overview and Level Annotations

Branches:
Dungeon (6/15)             Temple (1/1) D:4

Altars:
Cheibriados
Dithmenos
Elyvilon
Fedhas
Gozag
Kikubaaqudgha
Makhleb
Nemelex Xobeh
Pakellas
Ru
Sif Muna
Vehumet
Xom
Yredelemnul
Zin
The Shining One
Lugonu

Annotations:
D:5 Grinder


Innate Abilities, Weirdness & Mutations

You are resistant to torment.
Your stone body is resilient (AC +4).
You are immune to poison.
You resist negative energy.
You are resistant to electric shocks.
You can survive without breathing.
You are immune to petrification.
You are immune to rotting.


Message History

There is a stone staircase leading down here.
You closely miss Grinder.
Grinder says, "There's only one good use for a tongue: cutting it out."
You block Grinder's attack.
You barely miss Grinder. Grinder gestures at you.
You struggle to resist.
Grinder hits you but does no damage.
You closely miss Grinder. Grinder hits you.
* * * LOW HITPOINT WARNING * * *
You hit Grinder.
Grinder is lightly wounded.
Grinder hits you but does no damage.
You closely miss Grinder.
Grinder is lightly wounded.
Grinder hits you!
* * * LOW HITPOINT WARNING * * *
Grinder blinks!
Grinder gestures at you. Pain shoots through your body!
You die...

.# ####........##..#####
#####...................#
)...#...................#
###.#....######.........#
#..........# #.........#
...........# #.........#
####.####..# #.....>...#
##.....##.######........#
#....)..#.......@....5..#
#.......#..##############
...._......# #.......#†.#
#.......#..# ##.....##..#
####.####..# ..........##
###########


You could see Grinder.

Vanquished Creatures
  A hippogriff (D:6)
  An ogre (D:6)
  2 howler monkeys
  A crimson imp (D:4)
  2 centaur zombies (D:6)
  2 orc priests
  A giant frog skeleton (D:6)
  A hound (D:5)
  An iguana (D:5)
  2 worker ants (D:5)
  A killer bee zombie (D:5)
  A hound skeleton (D:4)
  A gnoll (D:3)
  7 adders
  An ooze (D:4)
  5 worms
  2 dart slugs
  4 giant geckos
  11 orcs
  3 giant cockroaches
  8 goblins
  4 hobgoblins
  12 jackals
  4 ball pythons
  7 bats
  8 giant newts
  10 kobolds
  A quokka zombie (D:6)
  5 rats
109 creatures vanquished.

Notes
Turn   | Place    | Note
--------------------------------------------------------------
     0 | D:1      | septik the Gargoyle Fighter began the quest for the Orb.
     0 | D:1      | Reached XP level 1. HP: 14/14 MP: 1/1
   125 | D:1      | Reached XP level 2. HP: 15/19 MP: 2/2
   573 | D:1      | Reached XP level 3. HP: 23/23 MP: 3/3
   791 | D:2      | Found a shadowy altar of Dithmenos.
   983 | D:2      | Found an oddly glowing altar of Pakellas.
  1077 | D:2      | Found a sparkling altar of Nemelex Xobeh.
  1163 | D:2      | Found a faded altar to an unknown god.
  1364 | D:2      | Reached XP level 4. HP: 22/28 MP: 4/4
  1811 | D:3      | Found a snail-covered altar of Cheibriados.
  1818 | D:3      | Reached skill level 1 in Dodging
  2145 | D:4      | Reached XP level 5. HP: 28/33 MP: 5/5
  2969 | D:4      | Found a staircase to the Ecumenical Temple.
  3020 | Temple   | Entered the Ecumenical Temple
  3244 | D:4      | Reached skill level 5 in Shields
  3244 | D:4      | Reached XP level 6. HP: 28/38 MP: 6/6
  3759 | D:4      | Found a deep blue altar of Sif Muna.
  3912 | D:5      | Entered Level 5 of the Dungeon
  4190 | D:5      | Found a blossoming altar of Fedhas.
  4297 | D:5      | Reached skill level 5 in Armour
  4297 | D:5      | Reached XP level 7. HP: 42/42 MP: 7/7
  4330 | D:5      | Found a shimmering altar of Xom.
  4931 | D:6      | Found a radiant altar of Vehumet.
  4986 | D:6      | Noticed a hippogriff
  5000 | D:6      | Killed a hippogriff
  5067 | D:6      | Noticed Grinder
  5094 | D:6      | Paralysed by Grinder for 7 turns
  5117 | D:5      | Killed from afar by Grinder

Skill      XL: |  1  2  3  4  5  6  7 |
---------------+----------------------+-----
Shields        | 4 5 |  5.7
Armour         | 4 5 |  5.1
Dodging        | 1 2 3 |  3.6
Maces & Flails | 3 |  3.9
Fighting       | 4 |  4.2
Stealth        | |  0.5

Action                   |  1- 3 |  4- 6 |  7- 9 || total
-------------------------+-------+-------+-------++-------
Melee: Flail             |   126 |   308 |   107 ||   541
  Use: Scroll            |       |     3 |       ||     3
  Eat: Chunk             |     2 |    10 |     2 ||    14
Armor: Scale mail        |    65 |   215 |    77 ||   357
Dodge: Dodged            |    26 |   138 |    40 ||   204
Block: Shield            |    58 |   200 |    74 ||   332
